 Dungeon Crawl Stone Soup version 0.27-a0-808-g60bc5d92e6 (webtiles) character file.

Game seed: 18404078995758376412

79 Hasart the Magician (level 4, -2/32 HPs)
             Began as a Djinni Ice Elementalist on Mar 28, 2021.
             Slain by an adder (4 damage)
             ... on level 2 of the Dungeon.
             The game lasted 00:01:54 (1435 turns).

Hasart the Magician (Djinni Ice Elementalist)       Turns: 1435, Time: 00:01:54

Health: -2/32      AC:  2    Str:  7    XL:     4   Next: 38%
Gold:   38         EV: 13    Int: 18    God:
                   SH:  0    Dex: 13

rFire    + + .     SeeInvis .   d - +0 dagger
rCold    x . .     Faith    .   (no shield)
rNeg     . . .     Spirit   .   a - +0 robe
rPois    ∞         Reflect  .   (no helmet)
rElec    .         Harm     .   (no cloak)
rCorr    .         Rampage  .   (no gloves)
Will     .....                  (boots unavailable)
Stlth    ++........             (no amulet)
HPRegen  0.10/turn              (no ring)
MPRegen  0.00/turn              (no ring)

@: frozen ramparts, flying
A: fire resistance 2, cold vulnerability 1, float, innate caster, hp casting,
extra vitality 1
a: no special abilities


You were on level 2 of the Dungeon.
You visited 1 branch of the dungeon, and saw 3 of its levels.

You collected 38 gold pieces.

Inventory:

Hand Weapons
 d - a +0 dagger (weapon)
Armour
 a - a +0 robe (worn)
Scrolls
 e - a scroll of enchant armour {unknown}
 g - a scroll of amnesia {unknown}
Potions
 b - a potion of lignification {unknown}
 c - a potion of haste {unknown}
 f - a potion of attraction {unknown}


   Skills:
 + Level 1.6 Fighting
 + Level 3.1 Dodging
 - Level 1.5 Stealth
 * Level 4.3 Spellcasting


You couldn't memorise any spells.
You knew the following spells:

 Your Spells              Type           Power      Damage    Failure   Level
a - Freeze                Ice            76%        1d9       2%          1
b - Frozen Ramparts       Ice            38%        1d5       7%          3
c - Ozocubu's Armour      Ice            19%        N/A       7%          3
d - Hailstorm             Conj/Ice       19%        3d6       24%         4
e - Summon Ice Beast      Ice/Summ       19%        N/A       24%         4
f - Sandblast             Erth           38%        2d10      2%          1
Your spell library was empty.

Dungeon Overview and Level Annotations

Branches:
Dungeon (3/15)

Altars:


Innate Abilities, Weirdness & Mutations

You are immune to poison.
Your flesh is very heat resistant. (rF++)
You are vulnerable to cold. (rC-)
You float through the air rather than walking.
You learn spells naturally, not from books.
Your magical power is your life essence.
You have superior vitality. (+4 HP)


Message History

Confirm with . or Enter, or press ? or * to list all spells.
Aiming: Freeze (safe; 2% risk of failure)
Press: ? - help, Shift-Dir - straight line, f - adder
Aim: an adder You freeze the adder.
The adder is heavily wounded.
The adder seems to slow down.
The wall freezes the gnoll.
The adder bites you.
* * * LOW HITPOINT WARNING * * *
The wall freezes the gnoll.
The gnoll hits you from afar with a +0 spear.
* * * LOW HITPOINT WARNING * * *
Unknown command.
Unknown command.
Unknown command.
Casting: Freeze (safe; 2% risk of failure)
Confirm with . or Enter, or press ? or * to list all spells.
Aiming: Freeze (safe; 2% risk of failure)
Press: ? - help, Shift-Dir - straight line, f/p - adder
Aim: an adder (heavily wounded, slow)
You freeze the adder.
The adder is severely wounded.
The adder seems to slow down.
* * * LOW HITPOINT WARNING * * *
The wall freezes the gnoll. x2
You kill the gnoll!
The adder bites you.
* * * LOW HITPOINT WARNING * * *
Unknown command.
Unknown command.
Unknown command.
Unknown command.
You miss the adder.
The adder is severely wounded.
The wall freezes the gnoll.
The adder misses you.
You barely miss the adder.
The adder is severely wounded.
The wall freezes the gnoll.
You kill the gnoll!
The adder bites you.
You die...

....####<........##.#...<
. #.............#...
#......##... #...
#......)#.# .r...
##........# ......
#[#......##.#.#.#
#)#g..........#.
###.#....####...#.
#.@)..†...# ...
####.S...>..## ######
###...........# ##...#
..............###..#.#
.....#.)..........##.#
..######.#.........#.# .
#......####.#.# #....####
#...# #..#.# ###.#


You could see an adder (slow).

Vanquished Creatures
  A hound (D:2)
  4 gnolls (D:2)
  5 ball pythons (D:1)
  An endoplasm (D:1)
  A giant cockroach (D:3)
  A goblin (D:1)
  3 hobgoblins
  A kobold (D:1)
  3 quokkas (D:1)
  A bat (D:1)
  2 rats
23 creatures vanquished.

Notes
Turn   | Place    | Note
-------+----------+-------------------------------------------
     0 | D:1      | Hasart the Djinni Ice Elementalist began the quest for the
                  | Orb.
     0 | D:1      | Reached XP level 1. HP: 15/15 MP: 0/0
   337 | D:1      | Reached XP level 2. HP: 15/22 MP: 0/0
  1226 | D:2      | Reached skill level 1 in Fighting
  1226 | D:2      | Reached skill level 4 in Spellcasting
  1226 | D:2      | Reached XP level 3. HP: 20/27 MP: 0/0
  1226 | D:2      | Learned a level 1 spell: Sandblast
  1428 | D:2      | Reached XP level 4. HP: 27/32 MP: 0/0
  1433 | D:2      | HP: 1/32 [adder (3)]
  1435 | D:2      | Slain by an adder

Illustrated notes

Levels and vault maps discovered:
D:1:      lemuel_arrival_rhombus, layout_loops_cross
D:2:      minmay_chambers_of_ones, layout_rooms, lemuel_coloured_pillars_altar,
          minmay_cupped, uniq_natasha
D:3:      layout_rooms, old_standard_altar

Skill      XL: |  1  2  3 |
---------------+----------+-----
Fighting       | 1 |  1.6
Spellcasting   | 4 |  4.3
Dodging        | 3 |  3.1
Stealth        | |  1.5

Action                   |  1- 3 |  4- 6 || total
-------------------------+-------+-------++-------
Melee: Unarmed           |     2 |       ||     2
       Dagger            |     5 |     2 ||     7
 Cast: Freeze            |    30 |     2 ||    32
       Frozen Ramparts   |     1 |     1 ||     2
 Stab: Sleeping          |     2 |       ||     2
Armor: Robe              |     3 |     1 ||     4
Dodge: Dodged            |    26 |     2 ||    28

Table legend: (Time is in decaauts)
 A = Elapsed time spent in this place.
 B = Non-inter-level travel time spent in this place.
 C = Inter-level travel time spent in this place.
 D = Time resting spent in this place.
 E = Time spent auto-exploring this place.
 F = Levels seen in this place.
 G = Mean time per level.
                   A        B        C        D        E       F      G
               +--------+--------+--------+--------+--------+-----+--------+
         Total |   1435 |   1350 |     85 |     57 |   1127 |   3 |  478.3 |
       Dungeon |   1435 |   1350 |     85 |     57 |   1127 |   3 |  478.3 |
               +--------+--------+--------+--------+--------+-----+--------+

Top non-repeatable levels by time:
     D:1: 1203 daAuts
     D:2: 164 daAuts
     D:3: 67 daAuts
